 Dungeon Crawl Stone Soup version 0.31.0-12-g77e489cdc1 (webtiles) character file.

Game seed: 17684378894622117887

3020 PriceMaster the Carver (level 9, -4/69 (78) HPs)
             Began as a Minotaur Fighter on Feb 16, 2024.
             Slain by Joseph
             ... wielding a +5 quarterstaff of draining
              (13 damage)
             ... on level 7 of the Dungeon.
             The game lasted 00:09:07 (6339 turns).

PriceMaster the Carver (Minotaur Fighter)           Turns: 6339, Time: 00:09:07

HP:   -4/69 (78)    AC: 10    Str: 31    XL:     9   Next: 55%
MP:   8/8           EV: 12    Int:  5    God:
Gold: 98            SH:  6    Dex: 18    Spells: 8/8 levels left

rFire   . . .        a - +0 long sword (heavy)
rCold   . . .        c - +0 buckler
rNeg    . . .        b - +0 scale mail
rPois   .            (helmet restricted)
rElec   .            t - +0 cloak
rCorr   .            (no gloves)
SInv    .            w - +0 pair of boots
Will    .....        (no amulet)
Stlth   ++           x - +6 ring of strength
HPRegen 0.31/turn    j - ring "Mikh" {Str+2 Dex+6}
MPRegen 0.11/turn

%: no passive effects
@: heavily drained
A: horns 2, retaliatory headbutt
a: no special abilities


You were on level 7 of the Dungeon.
You visited 1 branch of the dungeon, and saw 7 of its levels.

You collected 458 gold pieces.
You spent 360 gold pieces at shops.

Inventory:

Hand Weapons
 a - a +0 heavy long sword (weapon)
 i - a +2 vampiric scythe
Armour
 b - a +0 scale mail (worn)
 c - a +0 buckler (worn)
 t - a +0 cloak (worn)
 w - a +0 pair of boots (worn)
Jewellery
 j - the ring "Mikh" (right hand) {Str+2 Dex+6}
   (You found it on level 3 of the Dungeon)

   [ring of dexterity]

   Str+2:     It affects your strength (+2).
   Dex+6:     It affects your dexterity (+6).
 k - a ring of protection from fire
 o - a ring of magical power
 x - a +6 ring of strength (left hand)
Wands
 l - a wand of roots (2)
 q - a wand of paralysis (24)
 u - a wand of flame (13)
Scrolls
 e - a scroll of revelation
 f - a scroll of brand weapon
 h - 2 scrolls of immolation
 m - 2 scrolls of blinking {unknown}
 n - 2 scrolls of teleportation
 p - a scroll of noise
 v - 2 scrolls of identify
Potions
 d - 2 potions of heal wounds {unknown}
 g - 2 potions of magic
 s - a potion of invisibility {unknown}
 z - a potion of berserk rage {unknown}


   Skills:
 + Level 6.5 Fighting
 + Level 9.1 Long Blades
 + Level 7.9 Armour
 + Level 3.4 Dodging
 + Level 5.0 Stealth
 + Level 6.1 Shields
 + Level 2.4 Evocations


You had 8 spell levels left.
You didn't know any spells.
Your spell library contained the following spells:

 Spells                   Type           Power      Damage    Failure   Level
 Call Canine Familiar     Summ           0%         N/A       98%         3
 Gell's Gravitas          Tloc           0%         N/A       98%         3
 Sigil of Binding         Hex            0%         N/A       98%         3
 Teleport Other           Tloc           0%         N/A       98%         3
 Dimensional Bullseye     Hex/Tloc       0%         N/A       100%        4
 Iskenderun's Battlesphe  Conj           0%         2d6       100%        5
 Bombard                  Conj/Erth      0%         9d1       100%        6
 Dispersal                Tloc           0%         N/A       100%        6
 Haunt                    Necr/Summ      0%         N/A       100%        7
 Spellforged Servitor     Conj/Summ      0%         N/A       100%        7
 Borgnjor's Revivificati  Necr           0%         N/A       100%        8
 Death's Door             Necr           0%         N/A       100%        9


Dungeon Overview and Level Annotations

Branches:
Dungeon (7/15)             Temple (0/1) D:6

Altars:
Cheibriados
Nemelex Xobeh
Qazlal
Trog
Yredelemnul
The Shining One

Shops:
D:6 =:

Annotations:
D:3 2 transporters, luckylaki's ghost, amateur GrFi
D:4 1 runed translucent door
D:5 3 runed translucent doors, Skullgrim's ghost, weakling TrDe
D:7 Joseph


Innate Abilities, Weirdness & Mutations

You have a pair of horns on your head.
You reflexively headbutt those who attack you in melee.


Message History

Joseph shoots a sling bullet.
The sling bullet hits the slime creature!!
The slime creature dies!
Your Stealth skill increases to level 5!
Joseph tries to grin evilly.
Joseph unwields a +0 sling.
Joseph wields a +5 quarterstaff of draining.
You sense an unholy aura.
You block Joseph's attack.
You hit Joseph but do no damage. You headbutt Joseph.
Joseph is severely wounded.
Joseph looks very unfriendly.
Joseph hits you with a +5 quarterstaff of draining!
You feel drained.
You are too injured to fight recklessly!
You are too injured to fight recklessly!
You are too injured to fight recklessly!
You are too injured to fight recklessly!
Unknown command.
You strike the helpless Joseph from behind!
You slash Joseph!
Joseph is severely wounded.
The slime creature jiggles.
You feel better.
Joseph hits you with a +5 quarterstaff of draining!
You feel drained.
* * * LOW HITPOINT WARNING * * *
You catch the helpless Joseph completely off-guard!
You slash Joseph! Your headbutt misses Joseph.
Joseph is almost dead.
Joseph hits you with a +5 quarterstaff of draining!
* * * LOW HITPOINT WARNING * * *
You feel drained.
* * * LOW HITPOINT WARNING * * *
Aiming: Throw Flame
Press: ? - help, Shift-Dir - straight line, f/p - Joseph
Aim: Joseph, wielding a +5 quarterstaff of draining, wearing a +0 leather armour and carrying a wand of light (almost dead, blind, unable to see you, 71% to hit)
The puff of flame hits Joseph.
Joseph is almost dead.
Joseph hits you with a +5 quarterstaff of draining!
You die...

##'# #8.####
+..'..##
#..#8..#
#######.#
#)((/?$#'#
.###+####.#
#..8#..#8.)#
##.J+..@@.##
#.8#### ##


You could see Joseph (blind, unable to see you).

Vanquished Creatures
  The ghost of Villanelle the Sneak, an amateur HuBr (D:4)
  Sigmund (D:5)
  A wyvern (D:5)
  Menkaure (D:7)
  Duvessa (D:6)
  A water moccasin (D:5)
  2 ice beasts
  An orc warrior (D:7)
  A black bear (D:5)
  A sky beast (D:5)
  4 ogres
  3 centaurs
  5 scorpions
  Dowan (D:6)
  3 bombardier beetles
  2 hounds
  A jelly (D:5)
  2 orc priests
  2 gnoll boudas
  2 sleepcaps (D:7)
  2 iguanas
  2 orc wizards
  5 gnolls (D:7)
  9 adders
  3 river rats (D:4)
  A shadow imp (D:6)
  A white imp (D:5)
  4 ufetubi (D:7)
  7 ribbon worms
  A dart slug (D:5)
  16 orcs
  8 ball pythons
  9 endoplasms
  4 giant cockroaches
  8 goblins
  8 hobgoblins
  5 jackals
  2 quokkas
  7 kobolds
  7 rats
145 creatures vanquished.

Vanquished Creatures (others)
  A slime creature (D:7)
1 creature vanquished.

Grand Total: 146 creatures vanquished

Notes
Turn   | Place    | Note
-------+----------+-------------------------------------------
     0 | D:1      | PriceMaster the Minotaur Fighter began the quest for the
                  | Orb.
     0 | D:1      | Reached XP level 1. HP: 19/19 MP: 0/0
   156 | D:1      | Reached XP level 2. HP: 26/27 MP: 1/1
   687 | D:2      | Reached XP level 3. HP: 33/33 MP: 2/2
   693 | D:2      | Reached skill level 3 in Long Blades
  1419 | D:3      | Found a transporter.
  1447 | D:3      | Reached XP level 4. HP: 32/41 MP: 3/3
  1589 | D:3      | Identified the ring "Mikh" {Str+2 Dex+6}
  1738 | D:3      | Reached skill level 4 in Long Blades
  1738 | D:3      | Reached XP level 5. HP: 37/47 MP: 4/4
  1936 | D:3      | Found a faded altar of an unknown god.
  1961 | D:3      | Found a transporter.
  1964 | D:3      | Noticed luckylaki's ghost (amateur GrFi)
  2102 | D:3      | Found a basalt altar of Yredelemnul.
  2703 | D:4      | Found a runed translucent door.
  2705 | D:4      | Noticed Villanelle's ghost (amateur HuBr)
  2744 | D:4      | Reached skill level 5 in Armour
  2893 | D:4      | Noticed an ogre
  2901 | D:4      | Killed an ogre
  2902 | D:4      | Reached skill level 5 in Long Blades
  2902 | D:4      | Reached XP level 6. HP: 55/55 MP: 5/5
  3116 | D:4      | Reached skill level 5 in Fighting
  3124 | D:4      | Reached skill level 1 in Dodging
  3124 | D:4      | Reached skill level 1 in Stealth
  3533 | D:4      | Found a runed translucent door.
  3593 | D:4      | Killed Villanelle's ghost
  3594 | D:4      | Reached XP level 7. HP: 61/61 MP: 6/6
  3600 | D:4      | Reached skill level 6 in Long Blades
  3705 | D:5      | Entered Level 5 of the Dungeon
  3732 | D:5      | Reached skill level 1 in Evocations
  3750 | D:5      | Reached skill level 5 in Shields
  3782 | D:5      | Noticed a wyvern
  3786 | D:5      | Killed a wyvern
  3787 | D:5      | Reached XP level 8. HP: 49/69 MP: 7/7
  3855 | D:5      | Reached skill level 7 in Long Blades
  4058 | D:5      | Noticed Skullgrim's ghost (weakling TrDe)
  4060 | D:5      | Found a runed translucent gate.
  4061 | D:5      | Found a runed translucent gate.
  4061 | D:5      | Found a runed translucent gate.
  4652 | D:5      | Noticed Sigmund
  4658 | D:5      | Killed Sigmund
  4659 | D:5      | Noticed a moth of wrath
  4664 | D:5      | Found a bloodstained altar of Trog.
  4905 | D:6      | Found Doameq's Jewellery Boutique.
  4965 | D:6      | Noticed Duvessa
  4965 | D:6      | Noticed Dowan
  4969 | D:6      | Killed Dowan
  4973 | D:6      | Killed Duvessa
  4974 | D:6      | Reached skill level 8 in Long Blades
  4974 | D:6      | Reached XP level 9. HP: 54/75 MP: 8/8
  5199 | D:6      | Found a sparkling altar of Nemelex Xobeh.
  5305 | D:6      | Found a staircase to the Ecumenical Temple.
  5593 | D:6      | Found Biaragh's Book Emporium.
  5653 | D:6      | Bought a +6 ring of strength for 360 gold pieces
  5691 | D:7      | Noticed Menkaure
  5700 | D:7      | Killed Menkaure
  5825 | D:7      | Found a stormy altar of Qazlal.
  6005 | D:7      | Found a snail-covered altar of Cheibriados.
  6033 | D:7      | Reached skill level 9 in Long Blades
  6240 | D:7      | Found a glowing golden altar of the Shining One.
  6324 | D:7      | Noticed Joseph
  6333 | D:7      | Reached skill level 5 in Stealth
  6339 | D:7      | Slain by Joseph

Illustrated notes

Levels and vault maps discovered:
D:1:      pf_arrival_petrified_forest, layout_rooms, minmay_misc_feat_five,
          nicolae_concentric_dashed_squares_mild
D:2:      layout_loops_ring
D:3:      layout_loops_ring, mainiacjoe_overflow_alcove_1,
          hellmonk_ecumenical_altar_leap_of_faith, gammafunk_ghost_arena
D:4:      minmay_door_path, layout_loops_corners, ebering_ghost_sewer_f,
          kennysheep_dice
D:5:      layout_loops_corners, tgw_trog, gammafunk_ghost_split,
          minmay_circle_x, uniq_sigmund
D:6:      layout_cave_pools, nicolae_overflow_crystal_walls,
          minmay_temple_entry_tees, serial_shops, nicolae_book_shop_shelving,
          nicolae_stop_n_shop_2, uniq_duvessa
D:7:      minmay_chambers_of_sixes, layout_basic, kennysheep_mini_moat,
          amcnicky_altar_gilded, cheibriados_altar_1, grunt_dithmenos_shadows,
          chequers_temple_overflow_minitemple, uniq_menkaure, uniq_joseph

Skill      XL: |  1  2  3  4  5  6  7  8  9 |
---------------+----------------------------+-----
Fighting       | 4 5 6 |  6.5
Armour         | 4 5 6 7 |  7.9
Long Blades    | 3 4 5 6 8 9 |  9.1
Shields        | 4 5 6 |  6.1
Dodging        | 1 2 3 |  3.4
Stealth        | 1 3 4 5 |  5.0
Evocations     | 1 2 |  2.4

Action                     |  1- 3 |  4- 6 |  7- 9 || total
---------------------------+-------+-------+-------++-------
  Melee: Long sword        |    76 |    73 |   145 ||   294
         Headbutt          |     9 |     5 |    28 ||    42
  Evoke: Wand              |       |     6 |    16 ||    22
    Use: Scroll            |     4 |     1 |     4 ||     9
         Potion            |     1 |     3 |     3 ||     7
   Stab: Paralysed         |       |     7 |    10 ||    17
         Invisible         |       |       |     3 ||     3
         Sleeping          |       |       |     2 ||     2
 Armour: Scale mail        |    61 |    49 |   124 ||   234
         Skin              |       |    10 |     5 ||    15
  Dodge: Dodged            |    45 |    22 |   115 ||   182
  Block: Buckler           |    18 |    21 |    60 ||    99
